 Dungeon Crawl Stone Soup version 0.30.1-11-g7821555f0a (webtiles) character file.

Game seed: 16510401103404876948

144 Curundu the Cutter (level 5, 0/46 HPs)
             Began as a Draconian Berserker on Nov 10, 2023.
             Was a Priest of Trog.
             Slain by a jackal (2 damage)
             ... on level 3 of the Dungeon.
             The game lasted 00:18:22 (2746 turns).

Curundu the Cutter (Draconian Berserker)            Turns: 2746, Time: 00:18:31

Health: 0/46       AC:  5    Str: 20    XL:     5   Next: 5%
Magic:  5/5        EV: 13    Int:  7    God:    Trog [***...]
Gold:   163        SH:  0    Dex: 12    Spells: 4/4 levels left

rFire   . . .        a - +0 short sword
rCold   . . .        (no shield)
rNeg    . . .        (body armour unavailable)
rPois   .            (helmet restricted)
rElec   .            (no cloak)
rCorr   .            (no gloves)
SInv    .            (no boots)
Will    .....        (no amulet)
Stlth   +            (no ring)
HPRegen 0.27/turn    (no ring)
MPRegen 0.09/turn

%: no passive effects
@: on berserk cooldown, attractive
A: AC +5, unfitting armour, cold-blooded
a: Renounce Religion, Berserk, Trog's Hand


You were on level 3 of the Dungeon.
You worshipped Trog.
Trog was most pleased with you.
You visited 1 branch of the dungeon, and saw 3 of its levels.

You collected 163 gold pieces.

Inventory:

Hand Weapons
 a - a +0 short sword (weapon)
Missiles
 i - 2 throwing nets
Magical Staves
 n - a staff of poison
Jewellery
 l - an amulet of faith
Scrolls
 c - 4 scrolls of identify
 d - a scroll of vulnerability
 g - 4 scrolls of fog
 h - 3 scrolls of teleportation {unknown}
Potions
 b - a potion of cancellation


   Skills:
 + Level 4.0 Fighting
 + Level 4.3 Short Blades
 + Level 3.7 Dodging
 + Level 0.6 Stealth


You had 4 spell levels left.
You didn't know any spells.
Your spell library was empty.

Dungeon Overview and Level Annotations

Branches:
Dungeon (3/15)

Altars:

Shops:
D:1 (


Innate Abilities, Weirdness & Mutations

Your plain brown scales are hard. (AC +5)
You cannot fit into any form of body armour.
You are cold-blooded and may be slowed by cold attacks.


Message History

* * * LOW HITPOINT WARNING * * *
The jackal bites you but does no damage.
The howler monkey closely misses you.
You hit the jackal. Your punch misses the jackal.
The jackal is severely wounded.
You feel yourself speed up. The jackal misses you.
The howler monkey barely misses you. The jackal closely misses you.
The howler monkey barely misses you.
The howler monkey hoots and howls with incredible vigour!
You hear a shout! x2
You hit the jackal but do no damage.
The jackal is severely wounded.
The jackal closely misses you. The howler monkey misses you. x2
You barely miss the jackal.
The jackal is severely wounded.
The jackal pauses to sniff the ground.
The jackal closely misses you. The howler monkey closely misses you.
You barely miss the jackal.
Your tail-slap misses the jackal.
The jackal is severely wounded.
The jackal barely misses you. The howler monkey hits you.
* * * LOW HITPOINT WARNING * * *
The jackal closely misses you.
You hit the jackal but do no damage.
The jackal is severely wounded.
The jackal bites you but does no damage.
The howler monkey closely misses you. The howler monkey hits you.
* * * LOW HITPOINT WARNING * * *
The howler monkey hoots and howls with incredible vigour!
You hear an angry hiss.
You hear a shout! x3
There are monsters nearby!
There are monsters nearby!
There are monsters nearby!
Your magical effects are unravelling.
You feel magically purged.
You flicker back into view.
The jackal barely misses you.
The howler monkey hits you but does no damage.
The howler monkey barely misses you. The jackal bites you.
You die...

~≈~≈≈≈≈≈≈≈≈≈≈≈≈....#
~~~~~~~~#####≈~....#
........#oog#~~....#
#########.o.#≈~P...#
#'###≈~....#
#.#.~≈~....#
#.≈≈~..P.#
#.~~~hhh.#
#.~~~.@..#
#.~≈≈....#
#.~≈≈....#
#.~≈~....#
'.#.~≈~....#
#'###≈~P...#
#########...#≈~....#
........#...#≈~....#
~~~~≈~~≈#####≈~....#


You could see 2 howler monkeys and a jackal.

Vanquished Creatures
  5 gnolls
  2 adders
  A worm (D:2)
  A dart slug (D:1)
  An orc (D:3)
  4 ball pythons
  8 bats
  5 endoplasms
  2 giant cockroaches (D:1)
  7 goblins
  7 hobgoblins
  11 jackals (D:3)
  3 kobolds
  A quokka (D:3)
  4 frilled lizards
  6 rats
68 creatures vanquished.

Notes
Turn   | Place    | Note
-------+----------+-------------------------------------------
     0 | D:1      | Curundu the Draconian Berserker began the quest for the
                  | Orb.
     0 | D:1      | Reached XP level 1. HP: 19/19 MP: 1/1
   349 | D:1      | Reached XP level 2. HP: 26/26 MP: 2/2
   459 | D:1      | Reached ** piety under Trog
   581 | D:1      | Reached XP level 3. HP: 15/33 MP: 3/3
   829 | D:1      | Found Unohov's Weapon Shoppe.
  1613 | D:2      | Reached XP level 4. HP: 40/40 MP: 4/4
  2182 | D:3      | Reached *** piety under Trog
  2690 | D:3      | Reached XP level 5. HP: 11/46 MP: 5/5
  2745 | D:3      | HP: 2/46 [howler monkey (1)]
  2746 | D:3      | Slain by a jackal

Illustrated notes

Levels and vault maps discovered:
D:1:      eino_arrival_tree_alley, layout_loops_ring, serial_shops, shop,
          kennysheep_minor_cross, hex_tiny, minmay_vboxes
D:2:      layout_basic
D:3:      lemuel_castle_with_subvaults [lemuel_castle_interior_carwin_1],
          layout_loops_corners

Skill      XL: |  1  2  3  4 |
---------------+-------------+-----
Dodging        | 3 |  3.7
Short Blades   | 4 |  4.3
Fighting       | 4 |  4.0
Stealth        | |  0.6

Action                     |  1- 3 |  4- 6 || total
---------------------------+-------+-------++-------
  Melee: Short sword       |   191 |   153 ||   344
         Tailslap          |    20 |    15 ||    35
         Punch             |     2 |     1 ||     3
    Use: Scroll            |     3 |     2 ||     5
         Potion            |     2 |     5 ||     7
 Armour: Skin              |    70 |    51 ||   121
  Dodge: Dodged            |   137 |   185 ||   322
